 Dungeon Crawl Stone Soup version 0.29.0-5-ge4962eb29e (webtiles) character file.

Game seed: 7208603939203775493

11 Hubris850 the Chiller (level 2, -2/20 HPs)
             Began as a Meteoran Ice Elementalist on Aug 29, 2022.
             Killed from afar by a white imp (9 damage)
             ... with a puff of frost
             ... summoned by Natasha
             ... on level 2 of the Dungeon.
             The game lasted 00:02:41 (348 turns).

Hubris850 the Chiller (Meteoran Ice Elementalist)    Turns: 348, Time: 00:02:42

Health: -2/20      AC:  2    Str:  9    XL:     2   Next: 58%
Magic:  3/6        EV: 12    Int: 16    God:
Gold:   41         SH:  0    Dex: 14    Spells: 5/6 levels left

rFire   . . .      SeeInvis .   e - +0 whip (elec)
rCold   . . .      Faith    .   (no shield)
rNeg    . . .      Spirit   .   a - +0 robe
rPois   .          Reflect  .   (no helmet)
rElec   .          Harm     .   (no cloak)
rCorr   .          Rampage  .   (no gloves)
Will    .....                   (no boots)
Stlth   +.........              (no amulet)
HPRegen 0.06/turn               (no ring)
MPRegen 0.10/turn               (no ring)

@: glowing
A: sense surroundings 1, otherworldly, glowing, explore regen
a: no special abilities


You were on level 2 of the Dungeon.
You visited 1 branch of the dungeon, and saw 2 of its levels.

You collected 41 gold pieces.

Inventory:

Hand Weapons
 e - a +0 whip of electrocution (weapon)
 i - a +0 sling
Armour
 a - a +0 robe (worn)
Scrolls
 c - a scroll of fog {unknown}
 f - a scroll of vulnerability {unknown}
 g - 2 scrolls of noise {unknown}
Potions
 b - a potion of magic
 d - a potion of flight {unknown}
 h - a potion of curing {unknown}


   Skills:
 + Level 2.0 Maces & Flails
 - Level 2.5 Dodging
 - Level 1.5 Stealth
 - Level 2.8 Spellcasting
 - Level 4.4 Ice Magic


You had 5 spell levels left.
You knew the following spells:

 Your Spells              Type           Power      Damage    Failure   Level
a - Freeze                Ice            64%        1d8       3%          1

Your spell library contained the following spells:

 Spells                   Type           Power      Damage    Failure   Level
 Frozen Ramparts          Ice            32%        1d5       10%         3
 Ozocubu's Armour         Ice            16%        N/A       10%         3
 Hailstorm                Conj/Ice       9%         3d4       58%         4


Dungeon Overview and Level Annotations

Branches:
Dungeon (2/15) Zot: 850

Altars:

Annotations:
D:2 Natasha


Innate Abilities, Weirdness & Mutations

You passively map a small area around you.
You are easily found by Zot.
You glow in the dark.
You regain HP and MP as you explore.


Message History

You hit the dart slug.
The dart slug is heavily wounded.
You hit the dart slug but do no damage.
The dart slug is heavily wounded.
The dart slug bites you.
You hit the dart slug but do no damage.
Lightning courses through the dart slug!
You kill the dart slug!
Your Maces & Flails skill increases to level 2!
Things that are here:
a +0 sling; a dart slug corpse
i - a +0 sling
Found a stone staircase leading down.
Natasha, Servant of Life and Death comes into view.
Natasha hisses angrily.
Natasha mumbles some strange words.
You feel disoriented.
There is a stone staircase leading down here.
Casting: Freeze (safe; 3% risk of failure)
Confirm with . or Enter, or press ? or * to list all spells.
Okay, then.
Unknown command.
Natasha completely misses you.
You freeze Natasha.
Natasha is lightly wounded.
Natasha mumbles some strange words.
You freeze Natasha.
Natasha is moderately wounded.
Natasha claws you! The white imp barely misses you.
Casting: Freeze (safe; 3% risk of failure)
Confirm with . or Enter, or press ? or * to list all spells.
Aiming: Freeze (safe; 3% risk of failure)
Press: ? - help, Shift-Dir - straight line, f/p - Natasha
Aim: Natasha (moderately wounded)
You freeze Natasha.
Natasha is heavily wounded.
Natasha claws you. The white imp gestures at you. The puff of frost hits you!
You die...

* , * #.## ,, ...#
, * .... , # * ..#
* #. ..# #.# #.# *
** ,, #..#h# * ,
#.#@# , #+
#.#5#####.# #.*
#.........# #.###
###.####### ##....
##.###########...#.
#...........#......
##.########.##...†.
### #.###....
#.####.#.


You could see Natasha and a white imp (summoned).

Vanquished Creatures
  A dart slug (D:2)
  2 ball pythons
  3 kobolds
  2 bats (D:1)
  A frilled lizard (D:2)
  A rat (D:2)
10 creatures vanquished.

Notes
Turn   | Place    | Note
-------+----------+-------------------------------------------
     0 | D:1      | Hubris850 the Meteoran Ice Elementalist began the quest for
                  | the Orb.
     0 | D:1      | Reached XP level 1. HP: 14/14 MP: 5/5
   120 | D:1      | Reached XP level 2. HP: 15/20 MP: 6/6
   178 | D:2      | Reached skill level 1 in Maces & Flails
   343 | D:2      | Noticed Natasha
   348 | D:2      | Killed from afar by a white imp

Illustrated notes

Levels and vault maps discovered:
D:1:      ncdulo_smallfort, layout_loops_cross, minmay_misc_feat_room,
          nicolae_eternal_life, chequers_garden
D:2:      layout_loops_corners, serial_rivers, chequers_serial_rivers_room_b,
          chequers_serial_rivers_small_3, chequers_serial_rivers_large_a,
          chequers_serial_rivers_micro_e, chequers_serial_rivers_room_a,
          chequers_serial_rivers_micro_e, serial_shops, nicolae_shop_stone,
          minmay_pentomino_r2, uniq_natasha

Skill      XL: |  1  2 |
---------------+-------+-----
Maces & Flails | 2 |  2.0
Dodging        | |  2.5
Stealth        | |  1.5
Spellcasting   | |  2.8
Ice Magic      | |  4.4

Action                   || total
-------------------------++-------
Melee: Whip              ||    30
       Unarmed           ||     2
 Cast: Freeze            ||     7
Armor: Robe              ||     9
Dodge: Dodged            ||    16
